 Dungeon Crawl Stone Soup version 0.20-a0-210-gd6c29eb (webtiles) character file.

32573 feito the Martial Artist (level 13, -2/111 HPs)
             Began as a Red Draconian Transmuter on Nov 26, 2016.
             Was a High Priest of Okawaru.
             Slain by a catoblepas (6 damage)
             ... on level 5 of the Lair of Beasts.
             The game lasted 02:05:03 (15941 turns).

feito the Martial Artist (DrTm)                    Turns: 15941, Time: 02:05:03

Health: -2/111     AC:  2    Str: 12    XL:     13   Next: 32%
Magic:  33/34      EV:  5    Int: 15    God:    Okawaru [*****.]
Gold:   713        SH:  0    Dex: 21    Spells: 7/28 levels left

rFire  . . .     SeeInvis +       - Unarmed
rCold  + . .     Gourm    .     (armour unavailable)
rNeg   + + +     Faith    .     (shield currently unavailable)
rPois  ∞         Spirit   .     (helmet currently unavailable)
rElec  .         Reflect  .     (cloak currently unavailable)
rCorr  .         Harm     .     (gloves currently unavailable)
MR     +....                    (boots currently unavailable)
Stlth  +++.......               e - amulet of regeneration
                                B - ring "Naciur" {rC+ rN+ MP+9 SInv}
                                m - ring of protection from magic

@: spider-form, petrified, heroism
A: (breathe fire), unfitting armour, (fire resistance 0), (cold-blooded), AC +8
a: End Transformation, Heroism, Finesse, Renounce Religion


You were on level 5 of the Lair of Beasts.
You worshipped Okawaru.
Okawaru was extremely pleased with you.
You were not hungry.
You were a venomous arachnid creature.
You visited 3 branches of the dungeon, and saw 17 of its levels.
You also visited: Ossuary.

You collected 1247 gold pieces.
You spent 534 gold pieces at shops.

Inventory:

Hand Weapons
 u - the +5 shortbow of Honesty (melded) {flame, rPois MP+9}
   (Okawaru gifted it to you on level 1 of the Lair of Beasts)

   It causes projectiles fired from it to burn those they strike, causing extra
   injury to most foes and up to half again as much damage against particularly
   susceptible opponents.
   It protects you from poison.
   It affects your magic capacity (+9).
 D - the +13 scythe of Curses {drain, *Curse}
   (Okawaru gifted it to you on level 4 of the Lair of Beasts)

   A truly terrible weapon, it drains the life of those it strikes.
   It may re-curse itself when equipped.
Missiles
 a - 309 arrows
 s - 33 tomahawks (quivered)
 J - 8 poisoned javelins
Armour
 L - a +2 cloak (melded)
 T - a +1 hat of intelligence (melded)
 X - a +2 pair of gloves (melded)
Jewellery
 e - an amulet of regeneration (around neck)
 m - a ring of protection from magic (left front leg)
 B - the ring "Naciur" (right front leg) {rC+ rN+ MP+9 SInv}
   (You bought it in a shop on level 11 of the Dungeon)

   [ring of positive energy]

   It protects you from cold.
   It protects you from negative energy.
   It affects your magic capacity (+9).
   It lets you see invisible.
 H - an uncursed amulet of the gourmand
 Q - an uncursed ring of protection from fire
 V - an uncursed ring of ice
Wands
 h - a wand of slowing (19/48)
 q - a wand of paralysis (7/24)
 W - a wand of polymorph (5/24)
Scrolls
 d - a scroll of torment {unknown}
 f - a scroll of holy word {unknown}
 j - 3 scrolls of identify
 n - 2 scrolls of fog
 v - 2 scrolls of enchant weapon
 x - 6 scrolls of remove curse
 y - 6 scrolls of magic mapping
 E - 2 scrolls of enchant armour
 N - a scroll of acquirement {unknown}
 R - 3 scrolls of teleportation
 Y - a scroll of blinking
Potions
 i - 5 potions of flight
 l - 3 potions of cancellation
 o - 3 potions of curing
 t - a potion of might
 z - 4 potions of heal wounds {unknown}
 A - 3 potions of brilliance {unknown}
 I - 2 potions of invisibility
 M - 2 potions of agility {unknown}
 O - a potion of haste {unknown}
 Z - a potion of cure mutation {unknown}
Books
 r - a book of Fire

   Spells                             Type                      Level
   a - Ignite Poison                  Fire/Transmutation/Poison    3
   b - Fireball                       Conjuration/Fire             5
   c - Bolt of Fire                   Conjuration/Fire             6
   d - Delayed Fireball               Conjuration/Fire             7
   e - Ring of Flames                 Charms/Fire                  7
 w - a book of Minor Magic

   Spells                             Type                      Level
   a - Magic Dart                     Conjuration                  1
   b - Blink                          Translocation                2
   c - Call Imp                       Summoning                    2
   d - Repel Missiles                 Charms/Air                   2
   e - Slow                           Hexes                        2
   f - Conjure Flame                  Conjuration/Fire             3
   g - Mephitic Cloud                 Conjuration/Poison/Air       3
 C - a book of Battle

   Spells                             Type                      Level
   a - Infusion                       Charms                       1
   b - Shroud of Golubria             Charms/Translocation         2
   c - Song of Slaying                Charms                       2
   d - Spectral Weapon                Hexes/Charms                 3
   e - Regeneration                   Charms/Necromancy            3
 F - a book of Debilitation

   Spells                             Type                      Level
   a - Corona                         Hexes                        1
   b - Slow                           Hexes                        2
   c - Gell's Gravitas                Hexes/Translocation          3
   d - Inner Flame                    Hexes/Fire                   3
   e - Cause Fear                     Hexes                        4
   f - Leda's Liquefaction            Hexes/Earth                  4
Comestibles
 b - 12 chunks of flesh
 c - 11 bread rations
 g - a slice of pizza
 k - 7 meat rations
 p - 33 fruits
 S - a royal jelly


   Skills:
 + Level 9.6(14.6) Fighting
 + Level 7.8(12.8) Dodging
 * Level 12.4(17.4) Unarmed Combat
 + Level 8.3 Spellcasting
 + Level 0.1 Charms
 * Level 11.7 Transmutations
 - Level 2.5 Poison Magic
 - Level 5.0 Invocations


You had 7 spell levels left.
You knew the following spells:

 Your Spells              Type           Power        Failure   Level  Hunger
a - Regeneration          Chrm/Necr      #.........   56%         3    ##.....
b - Spider Form           Tmut/Pois      ####......   8%          3    ##.....
c - Sticks to Snakes      Tmut           #####...     2%          2    None
d - Ice Form              Ice/Tmut       ###.....     32%         4    ####...
e - Blade Hands           Tmut           #####.....   10%         5    #####..
f - Beastly Appendage     Tmut           #####.       1%          1    None
g - Ignite Poison         Fire/Tmut/Pois ###.....     17%         3    ##.....


Dungeon Overview and Level Annotations

Branches:
Dungeon (11/15)            Temple (1/1) D:6            Lair (5/6) D:11
 Shoals (0/4) Lair:3       Spider (0/4) Lair:4
  Slime: Lair:5-6       Orc: D:9-12

Altars:
Ashenzari
Cheibriados
Dithmenos
Elyvilon
Fedhas
Gozag
Hepliaklqana
Kikubaaqudgha
Makhleb
Nemelex Xobeh
Okawaru
Qazlal
Ru
Sif Muna
Trog
Uskayaw
Vehumet
Xom
Yredelemnul
Zin
The Shining One

Shops:
D:4 %   D:10 [   D:11 *=

Annotations:
Lair:3 exclusion: 2 oklob plants


Innate Abilities, Weirdness & Mutations

((You can breathe blasts of fire.))
((Your fiery red scales are hard. (AC +8)))
You cannot fit into any form of body armour.
((Your flesh is heat resistant. (rF+)))
((You are cold-blooded and may be slowed by cold attacks.))


Message History

You gain the combat prowess of a mighty hero.
You are engulfed in calcifying dust.
You are slowing down.
You hit the catoblepas but do no damage.
The catoblepas looks as sick as possible!
The catoblepas is moderately wounded.
You are engulfed in calcifying dust.
Your limbs have turned to stone.
The catoblepas gores you!
* * * LOW HITPOINT WARNING * * *
You have turned to stone.
You are engulfed in calcifying dust.
The catoblepas gores you!!
* * * LOW HITPOINT WARNING * * *
You are engulfed in calcifying dust.
The catoblepas gores you.
* * * LOW HITPOINT WARNING * * *
The catoblepas gores you!
* * * LOW HITPOINT WARNING * * *
The catoblepas gores you!
* * * LOW HITPOINT WARNING * * *
The catoblepas gores you!
You die...

#.###.........# #..PP..
#..#.#......!.#### ##P....
#.....(..........####.....
##.PP..............#......
#..P#.............#.#.....
#P..###.................#.
###..###.............##.###
#....#P##..........#.####
###.......s.......###.#
##.......FY......## ##
#.P..#.P.....##..#
#...###.P....#.# #
##...###......# #####
#.....## ........
#......... #(........


You could see a catoblepas and a bullfrog (petrified).

Vanquished Creatures
  2 hydras
  Fannar (Lair:2)
  2 hill giants
  A cyclops (D:6)
  2 merfolk sirens (Lair:3)
  2 black mambas
  A torpor snail (Lair:4)
  5 spiny frogs
  3 rime drakes
  4 komodo dragons
  2 merfolk (Lair:3)
  A troll (D:9)
  2 jumping spiders (Lair:4)
  4 hornets
  A polar bear (Lair:5)
  14 blink frogs
  7 hippogriffs
  A vampire (D:11)
  A redback (Lair:4)
  12 spriggans (Lair:4)
  4 wyverns
  3 basilisks
  32 yaks
  A vampire mosquito (D:9)
  11 water moccasins
  5 porcupines
  A phantom (D:10)
  7 sky beasts
  2 black bears
  2 ice beasts
  2 orc warriors
  2 necrophages
  6 centaurs
  3 boggarts (Lair:4)
  7 ogres
  5 wolves (Lair:5)
  13 crocodiles
  3 big kobolds
  An elf zombie (D:4)
  10 bullfrogs
  A gnoll sergeant (D:8)
  5 water moccasin zombies (Ossuary)
  2 elf skeletons (D:4)
  2 scorpions
  5 wights
  3 crimson imps
  2 lava snakes (D:11)
  A centaur zombie (D:5)
  A quasit (D:7)
  9 hounds
  4 jellies
  3 orc priests
  A gnoll shaman (D:8)
  3 human skeletons (D:4)
  2 iguanas
  4 orc wizards
  Terence (D:3)
  8 worker ants
  2 big kobold zombies (Ossuary)
  2 hound skeletons
  A mummy (Ossuary)
  A worker ant zombie (D:6)
  12 gnolls
  10 adders
  An ooze (D:6)
  5 adder zombies
  An adder skeleton (D:4)
  3 worms
  2 dart slugs (D:2)
  4 leopard geckos
  29 orcs
  9 bats
  7 giant cockroaches
  4 gnoll zombies (Ossuary)
  12 goblins
  9 hobgoblins
  5 jackals
  9 quokkas
  3 ball pythons
  3 frilled lizards
  5 hobgoblin zombies (Ossuary)
  A jackal skeleton (D:5)
  9 kobolds
  4 kobold zombies (Ossuary)
  4 orc skeletons (D:4)
  6 orc zombies
  A quokka skeleton (D:5)
  4 rats
  2 plants (D:11)
415 creatures vanquished.

Vanquished Creatures (collateral kills)
  Gastronok (Lair:1)
  A troll (D:11)
  A mummy (Ossuary)
3 creatures vanquished.

Vanquished Creatures (others)
  2 fungi
  A plant (Lair:3)
3 creatures vanquished.

Grand Total: 421 creatures vanquished

Notes
Turn   | Place    | Note
-------+----------+-------------------------------------------
     0 | D:1      | feito the Draconian Transmuter began the quest for the Orb.
     0 | D:1      | Reached XP level 1. HP: 16/16 MP: 3/3
   378 | D:1      | Reached XP level 2. HP: 23/23 MP: 5/5
   852 | D:2      | Reached XP level 3. HP: 22/28 MP: 4/6
   859 | D:2      | Found a blossoming altar of Fedhas.
   885 | D:2      | Learned a level 3 spell: Spider Form
  1153 | D:2      | Found a shimmering altar of Xom.
  1575 | D:3      | Reached XP level 4. HP: 35/36 MP: 5/7
  1623 | D:3      | Noticed Terence
  1706 | D:3      | Killed Terence
  1786 | D:3      | Reached skill level 4 in Unarmed Combat
  2066 | D:4      | Found Raruts's Food Emporium.
  2075 | D:4      | Reached XP level 5. HP: 36/41 MP: 6/8
  2139 | D:4      | Reached skill level 1 in Poison Magic
  2290 | D:4      | Noticed an ogre
  2312 | D:4      | Killed an ogre
  2312 | D:4      | Reached XP level 6. HP: 50/50 MP: 5/10
  2550 | D:4      | Your scales start taking on a fiery red colour.
  2550 | D:4      | Reached XP level 7. HP: 10/57 MP: 4/11
  2550 | D:4      | Gained mutation: Your flesh is heat resistant. (rF+) [Red Draconian growth]
  2560 | D:4      | Found a sand-covered staircase.
  2574 | D:4      | Reached skill level 5 in Unarmed Combat
  2631 | D:4      | Learned a level 2 spell: Sticks to Snakes
  2632 | Ossuary  | Entered an ossuary
  3130 | D:4      | Reached XP level 8. HP: 58/66 MP: 10/13
  3597 | D:5      | Entered Level 5 of the Dungeon
  3851 | D:5      | Reached skill level 6 in Unarmed Combat
  3851 | D:5      | Reached skill level 5 in Transmutations
  3989 | D:5      | Found a snail-covered altar of Cheibriados.
  4452 | D:6      | Found a staircase to the Ecumenical Temple.
  4458 | Temple   | Entered the Ecumenical Temple
  4600 | Temple   | Became a worshipper of Warmaster Okawaru
  4806 | D:6      | Reached skill level 1 in Invocations
  4854 | D:6      | Reached skill level 5 in Fighting
  4944 | D:6      | Reached XP level 9. HP: 54/74 MP: 13/15
  4977 | D:6      | Noticed a cyclops
  4994 | D:6      | Killed a cyclops
  4994 | D:6      | Reached * piety under Okawaru
  4994 | D:6      | Reached skill level 7 in Unarmed Combat
  5653 | D:7      | Reached ** piety under Okawaru
  5728 | D:7      | Learned a level 4 spell: Ice Form
  5734 | D:7      | Learned a level 5 spell: Blade Hands
  5874 | D:7      | Reached skill level 5 in Spellcasting
  6486 | D:8      | Reached skill level 8 in Unarmed Combat
  6491 | D:8      | Reached XP level 10. HP: 78/82 MP: 11/17
  6800 | D:8      | Reached skill level 5 in Dodging
  6849 | D:9      | Reached *** piety under Okawaru
  7624 | D:9      | Paralysed by a hornet for 3 turns
  7626 | D:9      | Reached **** piety under Okawaru
  7833 | D:9      | Found a sparkling altar of Nemelex Xobeh.
  7833 | D:9      | Found a deep blue altar of Sif Muna.
  8200 | D:10     | Entered Level 10 of the Dungeon
  8212 | D:10     | Reached skill level 9 in Unarmed Combat
  8270 | D:10     | Found a white marble altar of Elyvilon.
  8407 | D:10     | Found Irghogg's Antique Armour Boutique.
  8556 | D:10     | Noticed a hill giant
  8586 | D:10     | Killed a hill giant
  8933 | D:10     | Reached XP level 11. HP: 77/91 MP: 15/20
  8949 | D:10     | Reached ***** piety under Okawaru
  9064 | D:10     | HP: 4/92 [something (10)]
  9330 | D:11     | Found a staircase to the Lair.
  9608 | D:11     | Found a burning altar of Makhleb.
  9610 | D:11     | Found Neiniozi's Evil Emporium.
  9645 | D:11     | Found Iteep's Jewellery Shoppe.
  9767 | D:11     | Bought the ring "Naciur" {rC+ rN+ MP+9 SInv} for 534 gold pieces
  9845 | D:11     | Noticed a hill giant
  9857 | D:11     | Killed a hill giant
  9857 | D:11     | Reached skill level 5 in Invocations
 10237 | Lair:1   | Entered Level 1 of the Lair of Beasts
 10237 | Lair:1   | Noticed Gastronok
 10626 | Lair:1   | Killed Gastronok
 10626 | Lair:1   | Received a gift from Okawaru
 10626 | Lair:1   | Reached skill level 10 in Unarmed Combat
 10741 | Lair:1   | Reached ****** piety under Okawaru
 10800 | Lair:1   | Received a gift from Okawaru
 10801 | Lair:1   | Got a slimy shortbow {god gift}
 10812 | Lair:1   | Identified the +5 shortbow of Honesty {flame, rPois MP+9} (Okawaru gifted it to you on level 1 of the Lair of Beasts)
 11530 | Lair:2   | Reached skill level 10 in Transmutations
 11635 | Lair:2   | Noticed an eight-headed hydra
 11642 | Lair:2   | Reached XP level 12. HP: 102/102 MP: 22/22
 11647 | Lair:2   | Killed an eight-headed hydra
 11822 | Lair:2   | Noticed Fannar
 11835 | Lair:2   | Killed Fannar
 12106 | Lair:2   | Received a gift from Okawaru
 12203 | Lair:2   | Reached skill level 11 in Unarmed Combat
 13100 | Lair:3   | Found a staircase to the Shoals.
 13664 | Lair:4   | Received a gift from Okawaru
 13865 | Lair:4   | HP: 5/104 [spriggan/rapier (10)]
 13913 | Lair:4   | Noticed a four-headed hydra
 14214 | Lair:4   | Reached XP level 13. HP: 77/111 MP: 25/25
 14498 | Lair:4   | Received a gift from Okawaru
 14550 | Lair:4   | Found a hole to the Spider Nest.
 14554 | Lair:4   | Reached skill level 12 in Unarmed Combat
 15120 | Lair:5   | Learned a level 3 spell: Regeneration
 15919 | Lair:5   | Learned a level 3 spell: Ignite Poison
 15940 | Lair:5   | HP: 4/111 [catoblepas (4)]
 15941 | Lair:5   | Slain by a catoblepas

Vault maps used:
D:1:      minmay_arrival_glassed_features
D:2:      overflow_temple_1_default, overflow_temple_1_default, first_bread
D:3:      minmay_unequal, uniq_terence
D:4:      serial_shops, shop_statue, nicolae_ossuary_entry_catacombs
D:5:      nicolae_overflow_crystal_walls
D:7:      hangedman_cross_stitches, grunt_ministairs_5
D:9:      kennysheep_blocky_hall, gammafunk_temple_overflow_elements,
          blue_anna_alchemist, minivault_20
D:10:     serial_shops, shop_coins, kennysheep_minor_cross, elyvilon_altar_5
D:11:     david_lair_shrubbed, serial_shops, nicolae_shop_statue_plus,
          hangedman_decor_slide_cut, amethyst_killhole, kennysheep_small_spiral,
          nicolae_evil_shop
Temple:   compressed_dpeg_circular_temple
Lair:1:   uniq_gastronok
Lair:2:   uniq_fannar
Lair:3:   elwin_shoals_entry_stream, nicolae_volcano_entry_s_turn,
          grunt_megastairs_5, minmay_lair_oklob_chamber
Lair:4:   kb_forest_paths, spider_nest_entry_a
Ossuary:  ossuary_tomb_2

Skill      XL: |  1  2  3  4  5  6  7  8  9 10 11 12 13 |
---------------+----------------------------------------+-----
Dodging        | 2 3 4 5 6 7 |  7.8
Fighting       | 2 3 5 6 7 8 9 |  9.6
Unarmed Combat | 4 5 6 8 9 10 11 12 | 12.4
Transmutations | 3 4 6 7 8 10 11 | 11.7
Poison Magic   | 1 2 |  2.5
Spellcasting   | 3 4 5 6 7 8 |  8.3
Invocations    | 1 3 4 5 |  5.0
Charms         | |  0.1

Action                   |  1- 3 |  4- 6 |  7- 9 | 10-12 | 13-15 || total
-------------------------+-------+-------+-------+-------+-------++-------
Melee: Unarmed           |   144 |   196 |   521 |   726 |   138 ||  1725
       Tailslap          |    10 |    13 |    31 |    30 |     9 ||    93
       Headbutt          |     2 |     2 |    28 |     4 |       ||    36
       Kick              |     5 |     8 |    44 |     4 |       ||    61
       Punch             |       |     4 |     7 |    13 |     6 ||    30
 Fire: Shortbow          |       |       |       |    17 |     1 ||    18
Throw: Tomahawk          |       |     3 |     8 |     1 |       ||    12
 Cast: Beastly Appendage |    12 |     6 |    31 |     4 |       ||    53
       Spider Form       |     4 |     8 |    23 |    56 |     6 ||    97
       Sticks to Snakes  |       |       |     7 |     9 |       ||    16
       Blade Hands       |       |       |     4 |    21 |     4 ||    29
       Ice Form          |       |       |       |     6 |     5 ||    11
       Regeneration      |       |       |       |       |     1 ||     1
Invok: Heroism           |       |       |       |     8 |     5 ||    13
 Abil: Breathe Fire      |       |       |     4 |     4 |     1 ||     9
  Use: Scroll            |     1 |     3 |     3 |    16 |       ||    23
       Potion            |       |     3 |       |     4 |     3 ||    10
 Stab: Sleeping          |     1 |       |     1 |     3 |     1 ||     6
       Distracted        |       |       |     2 |     1 |       ||     3
       Fleeing           |       |       |       |     1 |       ||     1
  Eat: Chunk             |     3 |     5 |    14 |    33 |     8 ||    63
       Pizza             |       |       |     1 |     2 |       ||     3
       Royal jelly       |       |       |     1 |       |       ||     1
       Fruit             |       |       |       |     1 |       ||     1
       Beef jerky        |       |       |       |     1 |       ||     1
Armor: Skin              |    47 |    46 |    77 |    82 |    24 ||   276
Dodge: Dodged            |    96 |   115 |   383 |   619 |   125 ||  1338
